 Dungeon Crawl Stone Soup version 0.29-a0-322-g68df515428 (webtiles) character file.

Game seed: 14095290500710473546

148129 jisko22 the Demolition Draconian (level 16, -8/139 HPs)
             Began as a Grey Draconian Fire Elementalist on Apr 1, 2022.
             Was an Elder of Makhleb.
             Engulfed by a death drake's foul pestilence (15 damage)
             ... on level 2 of the Swamp on Apr 5, 2022.
             The game lasted 03:27:05 (57257 turns).

jisko22 the Demolition Draconian (DrFE)            Turns: 57257, Time: 03:27:06

Health: -8/139     AC: 17    Str: 16    XL:     16   Next: 93%
Magic:  19/27      EV: 12    Int: 21    God:    Makhleb [****..]
Gold:   2761       SH: 16    Dex: 10    Spells: 3/30 levels left

rFire   + . .      SeeInvis .   a - +11 spear "Wissuc" {vorpal, Fly Str+3 Int+2 Dex-2}
rCold   . . .      Faith    .   G - +5 kite shield
rNeg    . . .      Spirit   .   (body armour unavailable)
rPois   +          Reflect  .   (helmet restricted)
rElec   .          Harm     .   J - +0 cloak
rCorr   .          Rampage  .   x - +1 pair of gloves
Will    +....      Clarity  +   (no boots)
Stlth   ++........              (no amulet)
HPRegen 0.33/turn               E - ring of poison resistance
MPRegen 0.20/turn               B - ring of wizardry

@: lethally poisoned (-8 -> -18), flying, slowed, very slow
A: AC +14, amphibious, unfitting armour, cold-blooded, big wings, clarity,
clumsy 1, fire resistance 1
a: Renounce Religion, Minor Destruction, Lesser Servant of Makhleb, Major
Destruction


You were on level 2 of the Swamp.
You worshipped Makhleb.
Makhleb was greatly pleased with you.
You visited 6 branches of the dungeon, and saw 31 of its levels.
You also visited: Ossuary.

You collected 3644 gold pieces.
You spent 883 gold pieces at shops.

Inventory:

Hand Weapons
 a - the +11 spear "Wissuc" (weapon) {vorpal, Fly Str+3 Int+2 Dex-2}
   (You found it on level 2 of the Dungeon)

   It inflicts extra damage upon your enemies.
   Str:       It affects your strength (+3).
   Int:       It affects your intelligence (+2).
   Dex:       It affects your dexterity (-2).
   Fly:       It grants you flight.
 T - the +8 halberd of Ru, Growing {vamp, rElec}
   (You found it on level 2 of the Spider Nest)

   It occasionally heals its wielder for a portion of the damage dealt when it
   wounds a living foe.
   rElec:     It insulates you from electricity.
 V - a +0 vorpal glaive
Missiles
 c - 915 stones
 i - 10 poisoned darts (quivered)
 o - a curare-tipped dart
 C - 2 throwing nets
Armour
 e - a +0 buckler
 x - a +1 pair of gloves (worn)
 G - a +5 kite shield (worn)
 J - a +0 cloak (worn)
Jewellery
 p - a ring of magical power
 w - a +4 ring of evasion
 B - a ring of wizardry (right hand)
 E - a ring of poison resistance (left hand)
 N - a ring of protection from fire
 O - a ring of willpower
Wands
 n - a wand of iceblast (4)
 q - a wand of polymorph (7)
 r - a wand of paralysis (19)
 y - a wand of flame (42)
 U - a wand of acid (3)
 W - a wand of charming (8)
 Y - a wand of digging (7)
Scrolls
 g - 9 scrolls of teleportation
 j - 6 scrolls of amnesia
 v - 3 scrolls of blinking
 F - 13 scrolls of identify
 I - a scroll of holy word
 K - 3 scrolls of immolation
 L - 5 scrolls of fog
 P - a scroll of magic mapping
 Q - a scroll of fear
Potions
 b - a potion of resistance
 d - 5 potions of magic
 k - 2 potions of heal wounds
 u - 3 potions of invisibility
 z - 4 potions of curing
 A - 3 potions of brilliance
 D - 4 potions of cancellation
 Z - a potion of might
Miscellaneous
 H - a condenser vane (inert)
 X - a box of beasts


   Skills:
 - Level 12.0 Fighting
 - Level 12.2 Polearms
 - Level 5.9 Dodging
 - Level 1.7 Stealth
 - Level 11.1 Shields
 + Level 7.8 Spellcasting
 + Level 10.1 Conjurations
 * Level 14.4 Fire Magic
 - Level 15.1 Invocations
 - Level 5.0 Evocations


You had 3 spell levels left.
You knew the following spells:

 Your Spells              Type           Power      Damage    Failure   Level
a - Foxfire               Conj/Fire      100%       2x1d9     1%          1
b - Flame Wave            Conj/Fire      56%        2d11      1%          4
c - Fireball              Conj/Fire      28%        3d12      1%          5
d - Sticky Flame          Conj/Fire      56%        2d7       1%          4
e - Conjure Flame         Conj/Fire      56%        6-21      1%          3
f - Scorch                Fire           100%       2d10      1%          2
g - Ignition              Fire           31%        3d10      71%         8

Your spell library contained the following spells:

 Spells                   Type           Power      Damage    Failure   Level
 Static Discharge         Conj/Air       29%        N/A       1%          2
 Inner Flame              Hex/Fire       38%        N/A       1%          3
 Dazzling Flash           Conj/Hex       58%        N/A       2%          3
 Animate Skeleton         Necr           16%        N/A       7%          1
 Pain                     Necr           32%        1d5       7%          1
 Sting                    Tmut/Pois      32%        1d4       7%          1
 Corpse Rot               Necr/Air       16%        N/A       11%         2
 Poisonous Vapours        Pois/Air       16%        N/A       11%         2
 Gell's Gravitas          Tloc           8%         N/A       21%         3
 Lesser Beckoning         Tloc           8%         N/A       21%         3
 Teleport Other           Tloc           8%         N/A       21%         3
 Tukima's Dance           Hex            8%         N/A       21%         3
 Vampiric Draining        Necr           8%         2d6       21%         3
 Iskenderun's Battlesphe  Conj           50%        2d10      3%          5
 Cause Fear               Hex            4%         N/A       52%         4
 Dispel Undead            Necr           8%         3d8       52%         4
 Olgreb's Toxic Radiance  Pois           8%         N/A       52%         4
 Passage of Golubria      Tloc           8%         N/A       52%         4
 Orb of Destruction       Conj           25%        9d9       63%         7
 Conjure Ball Lightning   Conj/Air       14%        3x3d6     75%         6
 Agony                    Necr           8%         N/A       86%         5
 Silence                  Hex/Air        4%         N/A       86%         5
 Yara's Violent Unravell  Hex/Tmut       4%         3d4       86%         5
 Death Channel            Necr           4%         N/A       100%        6
 Dragon Form              Tmut           4%         N/A       100%        7
 Ozocubu's Refrigeration  Ice            4%         4d5       100%        7
 Dragon's Call            Summ           4%         N/A       100%        9


Dungeon Overview and Level Annotations

Branches:
Dungeon (15/15)            Temple (1/1) D:6            Lair (6/6) D:10
  Swamp (4/4) Lair:4       Spider (3/4) Lair:2        Slime (0/5) Lair:5
    Orc (2/2) D:11            Elf (0/3) Orc:2        Vaults (0/5) D:13
Ossuary (visited)
 Depths: D:15

Altars:
Ashenzari
Cheibriados
Dithmenos
Elyvilon
Fedhas
Gozag
Hepliaklqana
Kikubaaqudgha
Makhleb
Nemelex Xobeh
Okawaru
Qazlal
Ru
Sif Muna
Trog
Uskayaw
Vehumet
Wu Jian
Xom
Yredelemnul
Zin
The Shining One
Jiyva

Shops:
Orc:2 ?*(?

Annotations:
D:10 1 runed translucent door, exclusion: player ghost, Tumalu's ghost, novice SpAM
D:12 3 runed translucent doors, exclusion: orange crystal statue
D:15 2 runed translucent doors, Kink's ghost, adept DEFE
Lair:1 3 runed translucent doors, 1 exclusion, Xopt's ghost, journeyman HuBe
Orc:1 2 transporters, Filufyk's ghost, journeyman MiBe


Innate Abilities, Weirdness & Mutations

Your dull iron-grey scales are very hard. (AC +14)
You are amphibious.
You cannot fit into any form of body armour.
You are cold-blooded and may be slowed by cold attacks.
Your large and strong wings let you fly.
You possess an exceptional clarity of mind.
You are clumsy. (Dex -2)
Your flesh is heat resistant. (rF+)


Message History

The death drake bites you.
You puncture the death drake!
The death drake is almost dead.
You are engulfed in dark miasma.
You feel very sick. The death drake breathes miasma at you.
The foul vapour engulfs you!
You are more poisoned.
You feel as though you will be slow longer.
You hit the death drake but do no damage.
You tail-slap the death drake, but do no damage.
The death drake is almost dead.
You are engulfed in dark miasma.
You are lethally poisoned!
You feel extremely sick. The death drake misses you.
You hit the death drake but do no damage.
The death drake is almost dead.
* * * LOW HITPOINT WARNING * * *
You feel extremely sick.
The death drake bites you but does no damage.
You puncture the death drake!
The death drake is almost dead.
* * * LOW HITPOINT WARNING * * *
You feel extremely sick. The death drake breathes miasma at you.
The foul vapour engulfs you!!
You feel as though you will be slow longer.
* * * LOW HITPOINT WARNING * * *
The death drake bites you but does no damage.
Okay, then.
You feel better.
You are engulfed in dark miasma.
* * * LOW HITPOINT WARNING * * *
The death drake barely misses you.
Aiming: Major Destruction (0% risk of failure)
Press: ? - help, Shift-Dir - straight line, f/p - death drake
Aim: a death drake (almost dead)
The bolt of fire misses the death drake.
You smell burning wood.
You are engulfed in dark miasma.
You are lethally poisoned!
You die...

♣♣♣≈..♣♣ ....♣.♣♣
.≈...≈ ♣♣♣♣♣♣♣♣♣ ♣...♣♣
♣♣♣♣§....≈♣..#
♣♣.≈≈.♣♣♣♣≈≈..≈≈≈≈≈...#
♣..§≈≈≈......≈≈≈§≈≈≈≈..
♣..≈.....≈≈≈...≈≈≈≈♣≈§#
♣..≈≈k...≈≈≈≈....≈♣ ♣.≈
♣.k♣♣.@..≈≈§≈###.♣♣#♣.≈
♣.. ♣♣..≈≈≈§......≈♣♣..
.≈. ♣♣≈..≈≈.#.†....♣.♣
.≈≈≈ ♣.≈≈............≈
.≈≈♣ ♣.≈≈≈≈..######.#≈
♣.§≈≈......≈≈♣♣♣≈
♣♣≈≈≈.♣≈≈..≈≈.≈♣≈
♣≈.≈≈♣♣...≈≈≈...
♣≈♣≈≈≈. ♣♣≈....≈≈


You could see a death drake.

Vanquished Creatures
  Jorgrun (Spider:2)
  2 thorn hunters (Swamp:3)
  Kirke (Spider:2)
  2 emperor scorpions
  A very ugly thing (D:15)
  A broodmother (Spider:2)
  5 eleionomae
  3 bunyips
  2 spark wasps (Spider:2)
  An entropy weaver (Spider:3)
  A fire dragon (Lair:6)
  3 ogre magi
  8 hydras
  A rakshasa (D:15)
  A catoblepas (Lair:4)
  2 boulder beetles
  A radroach (Spider:1)
  3 centaur warriors
  A jorogumo (Spider:2)
  A death knight (D:14)
  3 alligators
  19 two-headed ogres
  3 tengu warriors (D:15)
  Sonja (D:10)
  Nergalle (D:11)
  5 goliath frogs
  An iron troll (Orc:2)
  A spriggan druid (Swamp:3)
  Lodul (D:14)
  A glowing orange brain (D:15)
  6 steelbarb worms
  A deep troll (Orc:1)
  A swamp dragon (Swamp:3)
  3 lindwurms (Lair:6)
  A deep elf pyromancer (D:12)
  11 ugly things
  11 wolf spiders
  6 cyclopes
  4 manticores
  A will-o-the-wisp (Swamp:3)
  Joseph (D:8)
  10 elephants
  5 black mambas
  6 torpor snails
  A gargoyle (D:13)
  Psyche (D:8)
  14 cane toads
  A kobold demonologist (D:13)
  4 komodo dragons
  2 efreet
  A demonic crawler (Spider:1)
  A freezing wraith (D:14)
  12 trolls
  31 hornets
  19 blink frogs
  9 polar bears
  14 tyrant leeches
  5 tarantellas
  4 slime creatures
  Prince Ribbit (D:5)
  6 dream sheep (Lair:4)
  11 jumping spiders
  Sigmund (D:3)
  2 centaur simulacra (D:15)
  21 spriggans
  67 yaks
  2 shadows
  12 culicivoras
  2 wraiths
  4 wyverns
  A vampire (D:11)
  Grum (D:11)
  3 steam dragons
  9 vampire mosquitoes
  2 basilisks
  14 redbacks
  Menkaure (D:4)
  4 wargs (Orc:1)
  3 acid dragons
  17 water moccasins
  10 swamp worms
  An ice beast (D:5)
  3 sky beasts
  18 orc warriors
  3 swamp drakes
  3 black bears
  12 wolves
  23 ogres
  A boggart (shapeshifter) (D:15)
  A centaur (D:12)
  A phantom (D:6)
  2 kobold brigands
  11 bullfrogs
  11 scorpions
  A gnoll sergeant (D:9)
  18 wights
  An electric eel (Lair:4)
  3 howler monkeys
  A hound (D:6)
  4 jellies
  16 orc priests
  A gnoll shaman (D:8)
  8 iguanas
  28 orc wizards
  9 hell rats
  8 mummies (Ossuary)
  10 gnolls
  7 adders
  2 shadow imps
  A white imp (D:6)
  2 worms (D:2)
  2 dart slugs
  67 orcs
  3 endoplasms
  3 giant cockroaches
  A gnoll zombie (Ossuary)
  3 goblins
  11 hobgoblins
  2 jackals
  18 kobolds
  A quokka (D:3)
  4 ball pythons
  A bat (D:2)
  2 frilled lizards (D:2)
  2 hobgoblin zombies (Ossuary)
  3 kobold zombies (Ossuary)
  2 orc zombies (Ossuary)
  6 rats
798 creatures vanquished.

Vanquished Creatures (collateral kills)
  Donald (Orc:1)
  A fenstrider witch (Swamp:3)
  An emperor scorpion (Spider:1)
  2 bunyips
  Snorg (Lair:3)
  A fire dragon (Lair:6)
  3 alligators (Swamp:3)
  A spriggan (Swamp:1)
  An orb spider (Spider:3)
  A spriggan druid (Swamp:3)
  A tarantella (Spider:1)
  A hornet (Swamp:1)
  A wraith (D:13)
  An acid dragon (Lair:6)
  A swamp worm (Swamp:3)
  2 foxfires (Lair:4)
20 creatures vanquished.

Vanquished Creatures (others)
  2 bloated husks (Swamp:2)
  6 humans (Spider:2)
  A swamp worm (Swamp:2)
  A mummy (D:8)
  1288 foxfires
  28 fungi
  64 plants
1390 creatures vanquished.

Grand Total: 2208 creatures vanquished

Notes
Turn   | Place    | Note
-------+----------+-------------------------------------------
     0 | D:1      | jisko22 the Draconian Fire Elementalist began the quest for
                  | the Orb.
     0 | D:1      | Reached XP level 1. HP: 14/14 MP: 3/3
   558 | D:1      | Reached XP level 2. HP: 20/20 MP: 1/5
  1324 | D:1      | Found a faded altar of an unknown god.
  1700 | D:2      | Reached XP level 3. HP: 23/26 MP: 2/6
  2469 | D:2      | Learned a level 2 spell: Scorch
  2765 | D:2      | Identified the +11 spear "Wissuc" {vorpal, Fly Str+3 Int+2
                  | Dex-2}
  2788 | D:2      | Found a blossoming altar of Fedhas.
  3018 | D:2      | Reached XP level 4. HP: 30/33 MP: 7/7
  3291 | D:3      | Noticed Sigmund
  3734 | D:3      | Reached skill level 5 in Fire Magic
  3874 | D:3      | Reached XP level 5. HP: 17/38 MP: 1/8
  3877 | D:3      | Killed Sigmund
  3878 | D:3      | Reached XP level 6. HP: 19/45 MP: 1/9
  4331 | D:3      | Learned a level 3 spell: Conjure Flame
  4598 | D:4      | Reached skill level 1 in Fighting
  4598 | D:4      | Reached skill level 1 in Polearms
  4834 | D:4      | Noticed Menkaure
  4842 | D:4      | Killed Menkaure
  5555 | D:5      | Entered Level 5 of the Dungeon
  5557 | D:5      | Your scales start taking on a dull iron-grey colour.
  5557 | D:5      | Reached XP level 7. HP: 55/55 MP: 10/10
  5754 | D:5      | Noticed Prince Ribbit
  5762 | D:5      | Killed Prince Ribbit
  5824 | D:5      | Reached skill level 5 in Polearms
  5865 | D:5      | Reached XP level 8. HP: 65/66 MP: 11/11
  6551 | D:6      | Reached skill level 5 in Fighting
  7394 | D:6      | Reached XP level 9. HP: 43/75 MP: 3/12
  7904 | D:6      | Found a staircase to the Ecumenical Temple.
  7911 | Temple   | Entered the Ecumenical Temple
  8126 | Temple   | Became a worshipper of Makhleb the Destroyer
 10323 | D:8      | Noticed Psyche
 10334 | D:8      | Killed Psyche
 10335 | D:8      | Reached skill level 10 in Polearms
 10689 | D:8      | Reached * piety under Makhleb
 10943 | D:8      | Noticed Joseph
 10977 | D:8      | Found a sand-covered staircase.
 10984 | Ossuary  | Entered an ossuary
 12170 | D:8      | Reached XP level 10. HP: 77/86 MP: 13/13
 12418 | D:8      | Killed Joseph
 13296 | D:8      | Reached ** piety under Makhleb
 13960 | D:9      | You are sucked into a shaft and drop 3 floors!
 13960 | D:12     | Noticed a two-headed ogre
 13964 | D:12     | Killed a two-headed ogre
 13969 | D:12     | Noticed a deep elf pyromancer
 13984 | D:11     | Noticed a two-headed ogre
 13997 | D:11     | Killed a two-headed ogre
 13998 | D:11     | Reached skill level 5 in Dodging
 14091 | D:11     | Noticed a two-headed ogre
 14109 | D:11     | Killed a two-headed ogre
 14131 | D:11     | Reached skill level 5 in Spellcasting
 14526 | D:11     | Found a staircase to the Orcish Mines.
 14581 | D:10     | Entered Level 10 of the Dungeon
 14616 | D:9      | Reached XP level 11. HP: 73/89 MP: 15/19
 15773 | D:9      | Found a blossoming altar of Fedhas.
 15889 | D:9      | Reached skill level 1 in Shields
 16215 | D:10     | Gained mutation: Your tail ends in a venomous barb. [potion
                  | of mutation]
 16215 | D:10     | Gained mutation: You do not regenerate when monsters are
                  | visible. [potion of mutation]
 16216 | D:10     | Lost mutation: Your tail ends in a venomous barb. [potion
                  | of mutation]
 16216 | D:10     | Lost mutation: You do not regenerate when monsters are
                  | visible. [potion of mutation]
 16216 | D:10     | Gained mutation: You possess an exceptional clarity of
                  | mind. [potion of mutation]
 16216 | D:10     | Gained mutation: Your flesh is heat resistant. (rF+)
                  | [potion of mutation]
 16216 | D:10     | Gained mutation: You have an increased reservoir of magic.
                  | (+10% MP) [potion of mutation]
 16533 | D:10     | Found a runed translucent door.
 16535 | D:10     | Identified the +3 trident "Denul" {vorpal, rF+ rC+ Will+
                  | Int-2}
 16536 | D:10     | Noticed Tumalu's ghost (novice SpAM)
 16536 | D:10     | Noticed a spriggan rider
 16729 | D:10     | Found a staircase to the Lair.
 16838 | D:10     | Noticed Sonja
 16852 | D:10     | Noticed a two-headed ogre
 16855 | D:10     | Reached *** piety under Makhleb
 16861 | D:10     | Killed a two-headed ogre
 16862 | D:10     | Reached skill level 5 in Shields
 16878 | D:10     | Killed Sonja
 17245 | Lair:1   | Entered Level 1 of the Lair of Beasts
 17543 | Lair:1   | Noticed Xopt's ghost (journeyman HuBe)
 17555 | Lair:1   | Found a runed translucent gate.
 17555 | Lair:1   | Found a runed translucent gate.
 17556 | Lair:1   | Found a runed translucent gate.
 18440 | Lair:1   | Reached XP level 12. HP: 90/100 MP: 22/22
 18465 | Lair:1   | Reached skill level 10 in Shields
 18465 | Lair:1   | Reached skill level 1 in Invocations
 18638 | Lair:1   | Learned a level 4 spell: Flame Wave
 18915 | Lair:1   | Reached skill level 2 in Invocations
 19158 | Lair:2   | Reached skill level 3 in Invocations
 19282 | Lair:2   | Reached skill level 4 in Invocations
 19498 | Lair:2   | Reached skill level 5 in Invocations
 19930 | Lair:2   | Reached skill level 6 in Invocations
 20121 | Lair:2   | Noticed a five-headed hydra
 20254 | Lair:2   | Reached **** piety under Makhleb
 20716 | Lair:2   | Found a hole to the Spider Nest.
 20729 | Lair:2   | Reached skill level 7 in Invocations
 21087 | Lair:3   | Reached skill level 8 in Invocations
 21440 | Lair:3   | Reached skill level 9 in Invocations
 21572 | Lair:3   | Upgraded the game from 0.29-a0-284-gf9362112df to
                  | 0.29-a0-319-gad05b8d819
 21594 | Lair:3   | Reached skill level 10 in Invocations
 21636 | Lair:3   | Noticed Snorg
 21649 | Lair:3   | Killed Snorg
 22722 | Lair:4   | Reached XP level 13. HP: 73/105 MP: 23/23
 22739 | Lair:3   | Reached skill level 5 in Evocations
 23473 | Lair:4   | Found a staircase to the Swamp.
 24200 | Lair:3   | Reached ***** piety under Makhleb
 24263 | Lair:4   | HP: 4/108 [catoblepas (26)]
 24938 | Lair:5   | Reached skill level 11 in Invocations
 25574 | Lair:5   | Found a viscous altar of Jiyva.
 25574 | Lair:5   | Found a staircase to the Slime Pits.
 26176 | Lair:6   | Entered Level 6 of the Lair of Beasts
 26202 | Lair:6   | Reached skill level 12 in Invocations
 26562 | Lair:6   | Reached skill level 13 in Invocations
 27237 | Lair:6   | Reached XP level 14. HP: 97/116 MP: 26/26
 27372 | Lair:6   | Found a runed translucent door.
 27677 | Lair:6   | Reached skill level 14 in Invocations
 28451 | Lair:6   | Noticed a cacodemon
 29119 | D:10     | Upgraded the game from 0.29-a0-319-gad05b8d819 to
                  | 0.29-a0-321-gf1c400731a
 29195 | D:11     | Noticed Nergalle
 29205 | D:11     | Killed Nergalle
 29495 | D:11     | Noticed Grum
 29525 | D:11     | Killed Grum
 30048 | Orc:1    | Entered Level 1 of the Orcish Mines
 30534 | Orc:1    | Found a transporter.
 30537 | Orc:1    | Noticed Filufyk's ghost (journeyman MiBe)
 31095 | Orc:1    | Found a transporter.
 31232 | Orc:2    | Entered Level 2 of the Orcish Mines
 31238 | Orc:2    | Reached skill level 15 in Invocations
 31297 | Orc:2    | Found a staircase to the Elven Halls.
 31909 | Orc:2    | Noticed Donald
 32097 | D:12     | Learned a level 5 spell: Fireball
 32281 | D:12     | Found a runed translucent door.
 32306 | D:12     | Found a runed translucent door.
 32320 | D:12     | Found a runed translucent door.
 32437 | D:12     | Found a runed translucent door.
 33474 | D:13     | Found a gate to the Vaults.
 34145 | D:13     | Reached skill level 5 in Conjurations
 34704 | Orc:1    | Killed Donald
 35931 | Swamp:1  | Entered Level 1 of the Swamp
 36044 | Swamp:1  | Reached XP level 15. HP: 112/126 MP: 6/29
 37592 | D:14     | Noticed Lodul
 38664 | Orc:2    | Reached skill level 10 in Fire Magic
 38854 | Orc:2    | Found Rirongar's General Store.
 38859 | Orc:2    | Found Nuazxestro's Magic Scroll Boutique.
 38859 | Orc:2    | Found Menolef's Magic Scroll Emporium.
 38862 | Orc:2    | Bought a potion of heal wounds for 50 gold pieces
 38862 | Orc:2    | Bought a scroll of blinking for 75 gold pieces
 38862 | Orc:2    | Bought a potion of heal wounds for 50 gold pieces
 38882 | Orc:2    | Bought a scroll of teleportation for 36 gold pieces
 38882 | Orc:2    | Bought a scroll of enchant armour for 90 gold pieces
 38882 | Orc:2    | Bought a scroll of teleportation for 36 gold pieces
 38884 | Orc:2    | Found Umomex's Weapon Shop.
 38933 | Orc:2    | Paralysed by something for 6 turns
 39755 | Orc:2    | Bought a scroll of enchant armour for 105 gold pieces
 39755 | Orc:2    | Bought a scroll of blinking for 105 gold pieces
 39755 | Orc:2    | Bought a scroll of summoning for 133 gold pieces
 39755 | Orc:2    | Bought a scroll of magic mapping for 49 gold pieces
 39755 | Orc:2    | Bought a scroll of magic mapping for 49 gold pieces
 39755 | Orc:2    | Bought a scroll of blinking for 105 gold pieces
 43369 | Swamp:3  | Noticed a thorn hunter
 43376 | Swamp:3  | Killed a thorn hunter
 44206 | Swamp:3  | Learned a level 4 spell: Sticky Flame
 44492 | Swamp:3  | Noticed a thorn hunter
 44495 | Swamp:3  | Killed a thorn hunter
 44598 | Swamp:3  | Noticed a fenstrider witch
 44602 | Swamp:3  | Killed a fenstrider witch
 44983 | Swamp:4  | Entered Level 4 of the Swamp
 45093 | Spider:1 | Entered Level 1 of the Spider Nest
 45236 | Spider:1 | Reached XP level 16. HP: 31/134 MP: 1/30
 47887 | Spider:2 | Noticed Kirke
 48323 | Spider:2 | Identified the +8 halberd of Ru, Growing {vamp, rElec}
 48356 | Spider:1 | Learned a level 8 spell: Ignition
 48978 | Lair:2   | Upgraded the game from 0.29-a0-321-gf1c400731a to
                  | 0.29-a0-322-g68df515428
 49304 | Spider:2 | Noticed Jorgrun
 50059 | Spider:2 | Killed Kirke
 50099 | Spider:1 | Lost mutation: You have an increased reservoir of magic.
                  | (+10% MP) [potion of mutation]
 50099 | Spider:1 | Lost mutation: Your flesh is heat resistant. (rF+) [potion
                  | of mutation]
 50099 | Spider:1 | Gained mutation: Your flesh is heat resistant. (rF+)
                  | [potion of mutation]
 50099 | Spider:1 | Gained mutation: You are clumsy. (Dex -2) [potion of
                  | mutation]
 50099 | Spider:1 | Gained mutation: Your large and strong wings let you fly.
                  | [potion of mutation]
 50921 | Spider:2 | Killed Jorgrun
 51937 | Spider:3 | Reached skill level 10 in Fighting
 53065 | D:14     | HP: 6/136 [poisoned by a death knight]
 53068 | D:14     | HP: 1/136 [poisoned by a death knight]
 53088 | D:13     | HP: 4/136 [two-headed ogre/+0 giant spiked club (9)]
 53784 | D:14     | Killed Lodul
 54754 | D:15     | Entered Level 15 of the Dungeon
 55131 | D:15     | Found a runed translucent door.
 55210 | D:15     | Reached skill level 10 in Conjurations
 55376 | D:15     | Noticed a lich
 56894 | D:15     | Found a runed translucent door.
 56898 | D:15     | Noticed Kink's ghost (adept DEFE)
 57255 | Swamp:2  | HP: 4/139 [death drake/foul vapour (19)]
 57257 | Swamp:2  | Engulfed by a death drake's foul pestilence

Illustrated notes

Levels and vault maps discovered:
D:1:      dpeg_arrival_rhombi, layout_basic,
          hellmonk_ecumenical_altar_heavens_door, serial_glass, glass_columns_c,
          glass_columns_a
D:2:      cheibrodos_helix_gallery, layout_loops_ring, basic_altar
D:3:      layout_basic, hex_tiny, uniq_sigmund
D:4:      layout_basic, fountainhead, dk_vineyard_3, kennysheep_windowed_goal,
          uniq_menkaure
D:5:      layout_basic, minmay_starry_boxes, uniq_prince_ribbit1
D:6:      layout_layer_cave, temple_green
D:7:      layout_basic, minmay_microvault
D:8:      layout_loops_ring, gup_ossuary_entry_pyramid, uniq_joseph, uniq_psyche
D:9:      layout_rooms, fedhas_altar_3
D:10:     layout_stronghold, david_lair_generic, ebering_ghost_funeral_grove,
          uniq_sonja
D:11:     layout_rooms, orc_0_dummy, uniq_nergalle, uniq_grum
D:12:     layout_rooms, minmay_statue_crystal_thing
D:13:     layout_rooms, david_vaults_2
D:14:     layout_loops_cross, uniq_lodul
D:15:     gammafunk_enter_depths_forms, layout_cave_pods,
          muffindrake_ghost_dual_entry, chequers_mini_garden,
          minmay_misc_feat_columns
Temple:   compressed_dpeg_circular_temple
Lair:1:   kb_forest_paths, layout_regular_city, gammafunk_ghost_split
Lair:2:   layout_roguey, nicolae_spider_entry_tight_spaces, minmay_holes
Lair:3:   layout_long_grid, grunt_megastairs_1, serial_bayou_shore_b,
          serial_bayou_shore_b, uniq_snorg
Lair:4:   layout_gridlike, swamp_mist_pool, cheibrodos_lair_lostbears
Lair:5:   layout_cellular_growth, slime_altar_1, grunt_megastairs_3
Lair:6:   guppyfry_lair_end_dragon, layout_regular_city, wormcave
Swamp:1:  layout_basic_swamp, serial_swamp_ruin, evilmike_swamp_ruin_rubble_2,
          evilmike_swamp_ruin_house_2, infiniplex_staircase_pool_2
Swamp:2:  layout_basic_swamp, evilmike_swamp_ruin_house_6, swamp_pool3,
          nicolae_swamp_drake_lake, infiniplex_staircase_pool
Swamp:3:  layout_basic_swamp, evilmike_swamp_ruin_wall
Swamp:4:  swamp_vile, layout_basic_swamp
Spider:1: spiders_nest_scorpion_pit
Spider:2: layout_spider_delve, spiders_nest_hornet_nest, uniq_kirke,
          uniq_jorgrun
Spider:3: layout_chambers, nicolae_spider_circle_web
Orc:1:    layout_diamond_mine, gammafunk_ghost_stat_death
Orc:2:    st_orc_open, layout_caves, uniq_donald

Skill      XL: |  1  2  3  4  5  6  7  8  9 10 11 12 13 14 15 16 |
---------------+-------------------------------------------------+-----
Fire Magic     | 4 5 9 13 14 | 14.4
Conjurations   | 2 3 6 9 10 | 10.1
Fighting       | 2 4 6 7 8 9 12 | 12.0
Polearms       | 2 5 8 10 12 | 12.2
Dodging        | 3 5 |  5.9
Spellcasting   | 5 7 |  7.8
Shields        | 9 10 11 | 11.1
Invocations    | 10 13 15 | 15.1
Evocations     | 4 5 |  5.0
Stealth        | |  1.7

Action                   |  1- 3 |  4- 6 |  7- 9 | 10-12 | 13-15 | 16-18 || total
-------------------------+-------+-------+-------+-------+-------+-------++-------
Melee: Hand axe          |     5 |       |       |       |       |       ||     5
       Spear             |     3 |    34 |   138 |   842 |  1454 |   516 ||  2987
       Tailslap          |     2 |     2 |    13 |   125 |   237 |   107 ||   486
       Punch             |     1 |     1 |     1 |       |       |       ||     3
       Halberd           |       |       |       |       |       |    24 ||    24
 Fire: Hunting sling     |     5 |       |       |       |       |       ||     5
Throw: Dart              |       |       |       |     4 |    13 |    11 ||    28
       Stone             |       |       |       |       |     1 |       ||     1
 Cast: Foxfire           |    58 |    29 |   191 |    45 |   344 |    95 ||   762
       Scorch            |     1 |       |     8 |     1 |     6 |     1 ||    17
       Conjure Flame     |       |       |       |     3 |     5 |     1 ||     9
       Flame Wave        |       |       |       |       |    11 |       ||    11
       Fireball          |       |       |       |       |    65 |    65 ||   130
       Sticky Flame      |       |       |       |       |     2 |     2 ||     4
Invok: Minor Destruction |       |       |       |    28 |    26 |    12 ||    66
       Lesser Servant of |       |       |       |     2 |     2 |     2 ||     6
       Major Destruction |       |       |       |     1 |    39 |    24 ||    64
       Greater Servant o |       |       |       |       |     7 |     1 ||     8
Evoke: Wand              |       |       |     1 |     1 |    11 |     7 ||    20
       Condenser vane    |       |       |       |       |       |     2 ||     2
  Use: Scroll            |     1 |     7 |    17 |     8 |    22 |     6 ||    61
       Potion            |       |       |     3 |     6 |     9 |     7 ||    25
 Stab: Sleeping          |       |     2 |       |     3 |     1 |       ||     6
       Distracted        |       |       |       |     1 |     2 |     1 ||     4
       Paralysed         |       |       |       |       |       |     9 ||     9
Armor: Skin              |     2 |     5 |    42 |   152 |   261 |   171 ||   633
Dodge: Dodged            |    11 |     7 |    60 |   196 |   436 |   198 ||   908
Block: Kite shield       |       |       |       |   161 |   681 |   290 ||  1132

Table legend: (Time is in decaauts)
 A = Elapsed time spent in this place.
 B = Non-inter-level travel time spent in this place.
 C = Inter-level travel time spent in this place.
 D = Time resting spent in this place.
 E = Time spent auto-exploring this place.
 F = Levels seen in this place.
 G = Mean time per level.
                   A        B        C        D        E       F      G
               +--------+--------+--------+--------+--------+-----+--------+
         Total |  56282 |  53407 |   2875 |  27573 |  16790 |  32 | 1758.8 |
       Dungeon |  25478 |  24215 |   1263 |  12444 |   8741 |  15 | 1698.5 |
        Temple |    226 |    215 |     11 |      0 |     53 |   1 |  226.0 |
          Lair |  13137 |  12524 |    613 |   5484 |   4746 |   6 | 2189.5 |
         Swamp |   5200 |   5025 |    175 |   3279 |    781 |   4 | 1300.0 |
   Spider Nest |   6911 |   6450 |    461 |   3844 |    959 |   3 | 2303.7 |
  Orcish Mines |   4742 |   4392 |    350 |   2191 |   1342 |   2 | 2371.0 |
       Ossuary |    586 |    586 |      0 |    330 |    168 |   1 |  586.0 |
               +--------+--------+--------+--------+--------+-----+--------+

Top non-repeatable levels by time:
Spider:1: 4038 daAuts
   Orc:1: 2984 daAuts
    D:13: 2916 daAuts
  Lair:4: 2675 daAuts
Spider:2: 2628 daAuts
     D:6: 2625 daAuts
  Lair:6: 2587 daAuts
     D:8: 2409 daAuts
  Lair:3: 2394 daAuts
 Swamp:1: 2362 daAuts
    D:14: 2302 daAuts
     D:1: 2299 daAuts
  Lair:2: 2272 daAuts
  Lair:1: 1761 daAuts
   Orc:2: 1757 daAuts
